 Dungeon Crawl Stone Soup version 0.18.1-47-g9310371 (webtiles) character file.

156 kit10 the Skirmisher (level 5, -4/42 HPs)
             Began as a Human Berserker on June 17, 2016.
             Was a Priest of Trog.
             Killed by divine providence
             ... invoked by an orc priest
              (11 damage)
             ... on level 3 of the Dungeon.
             The game lasted 00:23:56 (3199 turns).

kit10 the Skirmisher (Human Berserker)              Turns: 3199, Time: 00:23:57

Health: -4/42      AC: 14    Str: 19    XL:     5   Next: 65%
Magic:  5/5        EV:  6    Int:  7    God:    Trog [***...]
Gold:   169        SH:  0    Dex: 12    Spells: 0 memorised, 4 levels left

rFire  x . .     SeeInvis .     n - +0 trident
rCold  + . .     Gourm    .     p - +0 plate armour
rNeg   . . .     Faith    .     (no shield)
rPois  .         Spirit   .     (no helmet)
rElec  .         Dismiss  .     (no cloak)
rCorr  .         Reflect  .     k - +2 pair of gloves
SustAt .         Harm     .     (no boots)
MR     .....                    d - amulet of magic regeneration
Stlth  ..........               (no ring)
                                f - ring of ice

@: not resistant to hostile enchantments, extremely unstealthy
A: no striking features
a: Berserk, Trog's Hand, Burn Spellbooks, Renounce Religion


You were on level 3 of the Dungeon.
You worshipped Trog.
Trog was most pleased with you.
You were not hungry.

You visited 1 branch of the dungeon, and saw 3 of its levels.

You collected 169 gold pieces.

Inventory:

Hand Weapons
 a - a +0 spear
 n - a +0 trident (weapon)
 o - a +0 spear
Missiles
 h - 131 stones (quivered)
Armour
 b - a +0 animal skin
 e - a +0 leather armour
 j - a +0 pair of gloves
 k - a +2 pair of gloves (worn)
 p - a +0 plate armour (worn)
Jewellery
 d - an amulet of magic regeneration (around neck)
 f - a ring of ice (left hand)
Scrolls
 m - 2 scrolls of amnesia
Comestibles
 c - 2 bread rations
 g - a royal jelly
 l - a meat ration


   Skills:
 + Level 3.9 Fighting
 + Level 3.9 Polearms
 + Level 2.8 Armour
 - Level 3.3 Dodging
 - Level 0.7 Stealth


You had 4 spell levels left.
You didn't know any spells.

Dungeon Overview and Level Annotations

Branches:
Dungeon (3/15)

Altars:
Qazlal
Trog


Message History

You closely miss the orc priest.
The orc priest is lightly wounded.
The orc priest casts a cantrip, but nothing happens.
You barely miss the orc priest.
The orc priest is lightly wounded.
The orc priest calls down the wrath of Beogh upon you.
Beogh smites you!
You barely miss the orc priest.
The orc priest is lightly wounded.
The orc priest barely misses you.
You feel better.
The orc priest hits you but does no damage.
Your plate armour prevents you from hitting the orc priest.
The orc priest is lightly wounded.
The orc priest invokes the aid of Beogh against you.
Pain shoots through your body!
* * * LOW HITPOINT WARNING * * *
The orc priest mumbles some strange prayers to Beogh against you.
Beogh smites you!
You die...

#######)..........#
#.##.####...######
#########÷##..............
###
#......##.########...####
..####......##.#### #...#
..'..'...........)#####...#
..####.........#÷.........#
..# #.........#.#.###....#
..# #.........#@#....)<..#
### #......##.#.#..##<...#
#########.#o#...#....#
#.#)#...#..#######
#.#.###.#..#......
#....o........#
##.####.#.#<#.#
#....o...### ######.o.#


You could see an orc priest.

Vanquished Creatures
  3 adders (D:3)
  4 gnolls (D:2)
  An ooze (D:2)
  3 worms
  2 dart slugs (D:1)
  2 giant geckos (D:2)
  2 orcs (D:3)
  A ball python (D:3)
  9 bats
  A giant cockroach (D:1)
  5 goblins
  7 hobgoblins
  7 jackals (D:1)
  11 kobolds
  A quokka (D:2)
  3 giant newts
  9 rats
71 creatures vanquished.

Notes
Turn   | Place    | Note
--------------------------------------------------------------
     0 | D:1      | kit10 the Human Berserker began the quest for the Orb.
     0 | D:1      | Reached XP level 1. HP: 18/18 MP: 1/1
   233 | D:1      | Reached XP level 2. HP: 19/24 MP: 2/2
   784 | D:1      | Reached XP level 3. HP: 19/29 MP: 3/3
   857 | D:1      | Reached ** piety under Trog
  1306 | D:2      | Reached XP level 4. HP: 31/35 MP: 4/4
  1560 | D:2      | Found a stormy altar of Qazlal.
  1711 | D:2      | Found a bloodstained altar of Trog.
  2129 | D:2      | Reached XP level 5. HP: 41/41 MP: 5/5
  2746 | D:2      | Reached *** piety under Trog
  3199 | D:3      | Killed from afar by an orc priest

Skill      XL: |  1  2  3  4 |
---------------+-------------+-----
Dodging        | 3 |  3.3
Fighting       | |  3.9
Polearms       | |  3.9
Armour         | |  2.8
Stealth        | |  0.7

Action                   |  1- 3 |  4- 6 || total
-------------------------+-------+-------++-------
Melee: Spear             |   150 |   176 ||   326
       Trident           |       |    29 ||    29
  Use: Potion            |     3 |     3 ||     6
       Scroll            |     1 |       ||     1
 Stab: Sleeping          |     2 |     1 ||     3
  Eat: Chunk             |     1 |     5 ||     6
       Pizza             |       |     1 ||     1
Armor: Animal skin       |    15 |       ||    15
       Leather armour    |    23 |    18 ||    41
       Plate armour      |       |    69 ||    69
Dodge: Dodged            |   107 |    66 ||   173
